 Seeded DCSS version 0.29.1-1-gd02db6906a (webtiles) character file.

Game seed: 2387645567842811425 (custom seed)

84 lonewolfV2 the Ducker (level 4, 0/22 HPs)
             Began as a Felid Fighter on Oct 19, 2022.
             Was a Follower of Nemelex Xobeh.
             Slain by an orc
             ... wielding a +0 flail
              (5 damage)
             ... on level 3 of the Dungeon.
             The game lasted 00:04:00 (3698 turns).

lonewolfV2 the Ducker (Felid Fighter)               Turns: 3698, Time: 00:04:01

Health: 0/22       AC:  1    Str: 18    XL:     4   Next: 23%
Magic:  5/5        EV: 20    Int: 11    God:    Nemelex Xobeh [*.....]
Gold:   85         SH:  0    Dex: 18    Spells: 3/3 levels left
                                        Lives:  0   Deaths: 1

rFire   + . .      SeeInvis +     - Unarmed
rCold   + . .      Faith    .   (shield unavailable)
rNeg    . . .      Spirit   .   (body armour unavailable)
rPois   .          Reflect  .   (helmet unavailable)
rElec   .          Harm     .   (cloak unavailable)
rCorr   +          Rampage  .   (gloves unavailable)
Will    .....                   (boots unavailable)
Stlth   ++........              (no amulet)
HPRegen 0.07/turn               b - ring of Mistrust {rF+ rC+ Str+3 Dex+3}
MPRegen 0.09/turn               c - ring of the Sun {rCorr Str+3}

@: quick
A: very small, claws 1, fangs 3, see invisible, speed 1, shaggy fur 1, stealthy
paws, no weapons or thrown items, no armour, multi-lived
a: Renounce Religion, Draw Escape, Draw Destruction, Draw Summoning


You were on level 3 of the Dungeon.
You worshipped Nemelex Xobeh.
Nemelex Xobeh was aware of your devotion.
You visited 1 branch of the dungeon, and saw 3 of its levels.

You collected 85 gold pieces.

Inventory:

Jewellery
 b - the ring of Mistrust (left paw) {rF+ rC+ Str+3 Dex+3}
   (You acquired it on level 1 of the Dungeon)

   [ring of protection from fire]

   Str:       It affects your strength (+3).
   Dex:       It affects your dexterity (+3).
   rF:        It protects you from fire.
   rC:        It protects you from cold.
 c - the ring of the Sun (right paw) {rCorr Str+3}
   (You acquired it on level 2 of the Dungeon)

   [ring of resist corrosion]

   Str:       It affects your strength (+3).
   rCorr:     It protects you from acid and corrosion.
 k - a +6 ring of dexterity
Scrolls
 g - a scroll of teleportation
 h - 2 scrolls of magic mapping {unknown}
Potions
 a - a potion of might
 d - 4 potions of curing {unknown}
 e - a potion of magic {unknown}
 f - a potion of haste {unknown}
 i - a potion of flight {unknown}
 j - a potion of lignification {unknown}


   Skills:
 + Level 4.0 Fighting
 + Level 5.4 Dodging
 + Level 4.8 Unarmed Combat


You had 3 spell levels left.
You didn't know any spells.
Your spell library contained the following spells:

 Spells                   Type           Power      Damage    Failure   Level
 Confusing Touch          Hex            0%         N/A       71%         3
 Gell's Gravitas          Tloc           0%         N/A       71%         3
 Lesser Beckoning         Tloc           0%         N/A       71%         3
 Teleport Other           Tloc           0%         N/A       71%         3
 Yara's Violent Unravell  Hex/Tmut       0%         3d3       100%        5
 Enfeeble                 Hex            0%         N/A       100%        7


Dungeon Overview and Level Annotations

Branches:
Dungeon (3/15)

Altars:
Nemelex Xobeh


Innate Abilities, Weirdness & Mutations

You have sharp claws.
You have razor-sharp teeth.
You have supernaturally acute eyesight. (SInv)
You cover ground quickly. (Speed+)
You are covered in fur. (AC +1)
Your paws help you pounce on unaware monsters.
You are incapable of wielding weapons or throwing items.
You cannot wear armour.
You gain extra lives every three experience levels.


Message History

You see here a +0 spear.
Partly explored, can't reach some places.
Partly explored, can't reach some places.
Partly explored, can't reach some places.
There is a stone staircase leading down here.
You climb downwards.
The frilled lizard hisses angrily.
You hear a shout!
The gnoll shouts!
Found 12 gold pieces.
There is a stone staircase leading up here.
A gnoll comes into view. It is wielding a +0 halberd.
Found 8 gold pieces.
The gnoll hits you from afar with a +0 halberd!
Ouch! That really hurt!
A rat comes into view.
Found a robe.
An orc comes into view. It is wielding a +0 flail.
The orc shouts!
You hear a shout!
The orc moves out of view.
The gnoll barely misses you.
You scratch the gnoll. You bite the gnoll.
The gnoll is moderately wounded.
You claw the gnoll! Your claw misses the gnoll.
The gnoll is almost dead.
The gnoll closely misses you. The gnoll barely misses you.
The orc completely misses you.
You closely miss the gnoll.
The gnoll is almost dead.
The gnoll barely misses you. The gnoll closely misses you.
The orc closely misses you.
You claw the gnoll!
You kill the gnoll!
The gnoll closely misses you. The orc misses you.
A goblin comes into view. It is wielding a +0 dagger.
The orc completely misses you. The orc completely misses you.
The gnoll hits you with a +0 whip.
* * * LOW HITPOINT WARNING * * *
The orc hits you with a +0 flail.
You die...
Your body disappears without a glow.

..#.# ###$....
........ #.......
###.g... #
####...#.#...
#######....#.......
#.@grlg.....<#
#......#ogg.#######
#......#.####
....#.....#
.#.#..#.#..
##........
###.[..... ##....#.


You could see 3 gnolls, an orc, a goblin, a frilled lizard and a rat.

Vanquished Creatures
  6 gnolls
  2 adders (D:2)
  2 dart slugs
  5 endoplasms
  4 giant cockroaches
  3 goblins
  4 hobgoblins
  3 jackals (D:1)
  7 kobolds
  3 quokkas
  3 ball pythons
  3 bats
  A frilled lizard (D:2)
  4 rats
50 creatures vanquished.

Notes
Turn   | Place    | Note
-------+----------+-------------------------------------------
     0 | D:1      | lonewolfV2 the Felid Fighter began the quest for the Orb.
     0 | D:1      | Reached XP level 1. HP: 10/10 MP: 2/2
    54 | D:1      | Identified a scroll of acquirement
    54 | D:1      | Acquired the ring of Mistrust {rF+ rC+ Str+3 Dex+3}
   405 | D:2      | Reached XP level 2. HP: 10/14 MP: 3/3
   405 | D:2      | Found a sparkling altar of Nemelex Xobeh.
   420 | D:2      | Acquired the ring of the Sun {rCorr Str+3}
   433 | D:2      | Became a worshipper of Nemelex Xobeh the Trickster
   811 | D:1      | Reached XP level 3. HP: 8/17 MP: 4/4
  1551 | D:1      | Found a faded altar of an unknown god.
  2040 | D:2      | Reached * piety under Nemelex Xobeh
  2053 | D:2      | Reached skill level 5 in Dodging
  2094 | D:2      | Reached XP level 4. HP: 9/22 MP: 5/5
  2695 | D:2      | Slain by a gnoll
  2696 | D:2      | Reached XP level 3. HP: -3/18 MP: 4/4
  3423 | D:2      | Reached XP level 4. HP: 9/22 MP: 5/5
  3698 | D:3      | Slain by an orc

Illustrated notes

Levels and vault maps discovered:
D:1:      lemuel_arrival_room, layout_basic, ebering_ecumenical_altar_box
D:2:      layout_loops_ring, serial_rivers, chequers_serial_rivers_micro_e,
          chequers_serial_rivers_micro_b, chequers_serial_rivers_small_3,
          chequers_serial_rivers_micro_c, chequers_serial_rivers_micro_d,
          basic_altar
D:3:      cheibrodos_helix_gallery, layout_rooms, mainiacjoe_overflow_catwalk,
          mainiacjoe_overflow_surrounded_room, serial_shops, shop,
          nrook_mini_backslash

Skill      XL: |  1  2  3 |
---------------+----------+-----
Dodging        | 5 |  5.4
Fighting       | 4 |  4.0
Unarmed Combat | |  4.8

Action                   |  1- 3 |  4- 6 || total
-------------------------+-------+-------++-------
Melee: Unarmed           |    92 |    23 ||   115
       Punch             |     5 |       ||     5
       Bite              |    11 |     4 ||    15
  Use: Scroll            |     6 |       ||     6
 Stab: Distracted        |     1 |       ||     1
       Sleeping          |     3 |       ||     3
Armor: Skin              |     5 |       ||     5
Dodge: Dodged            |    60 |    27 ||    87
